AoeStats
← GhostyStar1527

Fortress

507643359Analyzed
3v3 RM · 13d ago on Sep 19, 2026· 73m 37s· 6 players
Game mode
Random Map
Map size
Large (8 player)
Population
200
Speed
Normal
Resources
Standard
Victory
Conquest
Starting age
Dark Age
Ending age
Imperial Age
RankedLock teamsTeams togetherTeam positionsShared explorationLock speedFull tech treeHidden civsTurbo modeCheats
Victory
Defeat
🇺🇸 Mongols · United States
910
+21
🇺🇸 Franks · United States
901
+21
🇺🇸 Armenians · United States
881
+22
🇺🇸 Wu · United States
1077
-23
🇺🇸 Inca · United States
1001
-21
🇯🇵 Burgundians · Japan
994
-20
Johnley oner
0:29 Loom
9:22 Feudal Age
10:41 Wheelbarrow
9:54 Double-Bit Axe
9:50 Horse Collar
18:39 Castle Age
17:42 Stone Mining
18:47 Gold Mining
20:09 Hand Cart
20:10 Bow Saw
20:05 Heavy Plow
20:57 Squires
21:11 Forging
21:02 Scale Mail Armor
20:53 Fletching
20:52 Town Watch
23:18 Gold Shaft Mining
25:20 Stone Shaft Mining
26:32 Murder Holes
26:50 Fortified Wall
27:29 Bodkin Arrow
27:48 Caravan
29:26 Iron Casting
29:07 Chain Mail Armor
32:40 Imperial Age
31:12 Padded Archer Armor
32:50 Arson
32:45 Elite Kamayuk
33:47 Conscription
35:10 Blast Furnace
34:40 Plate Mail Armor
34:12 Bracer
35:00 Treadmill Crane
35:41 Ballistics
36:22 Chemistry
36:44 Leather Archer Armor
36:37 Andean Sling
36:11 Sappers
37:36 Fabric Shields
41:11 Ring Archer Armor
48:32 Elite Skirmisher
49:18 Thumb Ring
63:06 Pikeman
64:15 Halberdier
DNANNA6781
8:29 Feudal Age
9:18 Double-Bit Axe
9:30 Loom
12:43 Castle Age
11:47 Horse Collar
13:26 Heavy Plow
13:39 Bow Saw
20:40 Wheelbarrow
21:00 Gold Mining
27:39 Imperial Age
24:58 Town Watch
25:37 Fletching
27:20 Bodkin Arrow
27:26 Padded Archer Armor
27:42 Masonry
27:38 Red Cliffs Tactics
27:50 Elite Fire Archer
28:56 Ballistics
30:16 Chemistry
29:35 Bracer
30:30 Conscription
33:16 Leather Archer Armor
39:30 Architecture
45:48 Gold Shaft Mining
45:06 Stone Mining
50:47 Hand Cart
51:15 Pikeman
52:28 Forging
52:19 Scale Mail Armor
52:26 Squires
51:47 Halberdier
52:53 Caravan
57:01 Guard Tower
61:03 Iron Casting
60:34 Scale Barding Armor
61:11 Keep
60:33 Murder Holes
60:20 Treadmill Crane
61:15 Bloodlines
60:26 Light Cavalry
61:07 Husbandry
Lubuntu10.04LTS
3:29 Double-Bit Axe
5:43 Wheelbarrow
5:09 Horse Collar
6:46 Loom
8:32 Feudal Age
8:18 Stone Mining
10:43 Bow Saw
14:28 Heavy Plow
14:28 Gold Mining
16:41 Castle Age
14:40 Fletching
17:19 Scale Barding Armor
19:46 Burgundian Vineyards
24:13 Hand Cart
26:16 Gold Shaft Mining
29:41 Imperial Age
29:03 Bodkin Arrow
29:29 Chain Barding Armor
32:13 Bracer
32:43 Padded Archer Armor
35:07 Elite Coustillier
GhostyStar1527
5:16 Loom
8:23 Feudal Age
9:58 Wheelbarrow
9:09 Horse Collar
9:21 Double-Bit Axe
16:08 Castle Age
17:30 Heavy Plow
17:24 Stone Mining
17:51 Bow Saw
17:35 Gold Mining
18:12 Hand Cart
18:55 Gold Shaft Mining
21:53 Man-at-Arms
22:38 Squires
23:52 Long Swordsman
24:51 Two-Handed Swordsman
25:57 Forging
25:48 Scale Mail Armor
26:27 Champion
31:45 Imperial Age
31:20 Iron Casting
31:01 Chain Mail Armor
31:16 Pikeman
32:05 Gambesons
33:51 Blast Furnace
33:02 Fereters
33:03 Halberdier
38:28 Elite Composite Bowman
39:35 Fletching
39:46 Padded Archer Armor
40:18 Plate Mail Armor
41:25 Bodkin Arrow
41:45 Leather Archer Armor
44:58 Coinage
49:54 Bracer
50:24 Ring Archer Armor
50:18 Ballistics
50:59 Chemistry
72:48 Spies/Treason
Duwart
8:07 Feudal Age
6:22 Loom
8:42 Double-Bit Axe
14:23 Castle Age
15:58 Husbandry
16:11 Scale Barding Armor
16:17 Forging
21:03 Bow Saw
22:06 Wheelbarrow
28:02 Imperial Age
26:06 Gold Mining
26:06 Stone Mining
26:16 Stone Mining
26:41 Fortified Wall
26:42 Masonry
26:20 Town Watch
28:20 Cavalier
29:41 Paladin
31:27 Conscription
32:11 Iron Casting
31:57 Chain Barding Armor
31:37 Scale Mail Armor
33:05 Chivalry
33:29 Elite Throwing Axeman
34:46 #83
38:23 Iron Casting
38:10 Chain Barding Armor
38:41 Arson
38:56 Squires
39:00 Scale Mail Armor
43:10 Blast Furnace
42:46 Plate Barding Armor
44:40 Chemistry
44:01 Ballistics
45:14 Gold Shaft Mining
45:11 Padded Archer Armor
45:02 Fletching
46:02 Murder Holes
47:17 Leather Archer Armor
46:57 Bodkin Arrow
52:03 Chain Mail Armor
69:18 Spies/Treason
SuperGrizzly221
6:35 Feudal Age
5:09 Loom
7:56 Double-Bit Axe
12:43 Castle Age
11:16 Horse Collar
17:40 Fletching
20:27 Heavy Plow
21:29 Bloodlines
21:21 Husbandry
22:15 Gold Mining
24:58 Bodkin Arrow
25:04 Padded Archer Armor
25:11 Scale Barding Armor
25:17 Forging
24:31 Light Cavalry
27:42 Town Watch
29:50 Wheelbarrow
35:33 Imperial Age
33:03 Town Patrol
36:52 Chain Barding Armor
36:33 Bracer
37:41 Conscription
38:57 Murder Holes
39:23 Ballistics
39:12 Siege Engineers
39:23 Hussar
43:04 Elite Mangudai
44:53 Chemistry
44:06 Masonry
44:09 Caravan
45:54 Gold Shaft Mining
45:50 Leather Archer Armor
46:11 Iron Casting
45:57 Hand Cart
47:56 Drill
48:18 Bow Saw
51:18 Capped Ram
53:41 Siege Ram
64:46 Blast Furnace
72:39 Spies/Treason
Connection lost

Rejoining the realm…

Still unreachable

The connection could not be restored.

Session expired

The server has moved on; the page needs a fresh start.